 Dungeon Crawl Stone Soup version 0.31-b1-17-gcfd88c8481 (webtiles) character file.

Game seed: 8422613093918212346

41279 groovy9 the Eclecticist (level 13, 0/85 HPs)
             Began as a Deep Elf Conjurer on Jan 16, 2024.
             Was an Elder of Vehumet.
             Killed by divine providence
             ... invoked by Saint Roka
              (12 damage)
             ... on level 2 of the Orcish Mines.
             The game lasted 01:15:28 (21401 turns).

groovy9 the Eclecticist (Deep Elf Conjurer)        Turns: 21401, Time: 01:15:29

Health: 0/85       AC:  9    Str:  4    XL:     13   Next: 79%
Magic:  33/36      EV: 15    Int: 29    God:    Vehumet [****..]
Gold:   1032       SH:  4    Dex: 13    Spells: 30/46 levels left

rFire   . . .        H - +2 short sword (freeze)
rCold   . . .        v - +0 buckler
rNeg    . . .        a - +2 robe {Will+}
rPois   .            O - +2 hat
rElec   .            J - +0 cloak
rCorr   .            y - +0 pair of gloves
SInv    .            (no boots)
Will    ++...        d - amulet of magic regeneration
Stlth   ++++         x - +4 ring of slaying
HPRegen 0.34/turn    (no ring)
MPRegen 0.65/turn

%: no passive effects
@: no status effects
A: robust 1, shaggy fur 1
a: Renounce Religion


You were on level 2 of the Orcish Mines.
You worshipped Vehumet.
Vehumet was greatly pleased with you.
You visited 4 branches of the dungeon, and saw 18 of its levels.

You collected 1268 gold pieces.
You spent 236 gold pieces at shops.

Inventory:

Hand Weapons
 H - a +2 short sword of freezing (weapon)
Armour
 a - a +2 robe of willpower (worn)
 f - a +0 troll leather armour
 j - a +2 robe of cold resistance
 v - a +0 buckler (worn)
 y - a +0 pair of gloves (worn)
 J - a +0 cloak (worn)
 O - a +2 hat (worn)
Jewellery
 d - an amulet of magic regeneration (around neck)
 x - a +4 ring of slaying (left hand)
 B - an amulet of the acrobat
Wands
 b - a wand of mindburst (17)
 e - a wand of quicksilver (6)
 k - a wand of paralysis (14)
 m - a wand of flame (29)
 n - a wand of iceblast (10)
Scrolls
 g - 3 scrolls of identify
 h - a scroll of poison
 i - 4 scrolls of noise
 o - a scroll of enchant armour
 p - a scroll of fog
 r - 2 scrolls of enchant weapon
 t - 3 scrolls of vulnerability
 z - 3 scrolls of amnesia
 C - 3 scrolls of teleportation
 L - a scroll of torment
 M - a scroll of fear
Potions
 c - 2 potions of cancellation
 l - 3 potions of might
 q - 2 potions of berserk rage
 s - 4 potions of mutation
 u - a potion of brilliance
 w - a potion of invisibility
 D - 2 potions of enlightenment
 E - 9 potions of ambrosia
 F - 4 potions of lignification
 K - 5 potions of curing
 N - 2 potions of resistance


   Skills:
 + Level 8.1 Fighting
 - Level 10.0 Dodging
 - Level 10.0 Stealth
 + Level 1.7 Shields
 + Level 17.2 Spellcasting
 + Level 15.9 Conjurations


You had 30 spell levels left.
You knew the following spells:

 Your Spells              Type           Power      Damage    Failure   Level
a - Magic Dart            Conj           100%       1d8       0%          1
b - Searing Ray           Conj           100%       2d8       0%          2
c - Fulminant Prism       Conj/Alch      31%        3d16      1%          4
d - Iskenderun's Mystic   Conj/Tloc      63%        2d13      1%          4
e - Stone Arrow           Conj/Erth      100%       3d13      1%          3
f - Blink                 Tloc           48%        N/A       5%          2

Your spell library contained the following spells:

 Spells                   Type           Power      Damage    Failure   Level
 Eringya's Noxious Bog    Alch           12%        4d6       75%         6
 Kiss of Death            Conj/Necr      100%       2d13      1%          1
 Arcjolt                  Conj/Air       31%        1d41      1%          5
 Summon Small Mammal      Summ           96%        N/A       3%          1
 Freezing Cloud           Conj/Ice/Air   27%        6-21      3%          5
 Call Imp                 Summ           48%        N/A       5%          2
 Cigotuvi's Dreadful Rot  Necr/Alch/Air  48%        N/A       5%          2
 Jinxbite                 Hex            48%        N/A       5%          2
 Ignite Poison            Fire/Alch      24%        N/A       10%         4
 Call Canine Familiar     Summ           24%        N/A       11%         3
 Confusing Touch          Hex            24%        N/A       11%         3
 Gell's Gravitas          Tloc           24%        N/A       11%         3
 Teleport Other           Tloc           24%        N/A       11%         3
 Yara's Violent Unravell  Hex/Alch       12%        3d7       24%         5
 Dispel Undead            Necr           24%        3d12      34%         4
 Summon Blazeheart Golem  Fire/Summ      24%        N/A       34%         4
 Vhi's Electric Charge    Tloc/Air       48%        N/A       34%         4
 Dispersal                Tloc           12%        N/A       99%         6
 Enfeeble                 Hex            12%        N/A       100%        7
 Maxwell's Capacitive Co  Air            12%        ∞         100%        8


Dungeon Overview and Level Annotations

Branches:
Dungeon (12/15)            Temple (1/1) D:6            Lair (3/5) D:10
 Shoals (0/4) Lair:3       Spider (0/4) Lair:3          Orc (2/2) D:12
    Elf: Orc:2

Altars:
Ashenzari
Cheibriados
Dithmenos
Elyvilon
Fedhas
Gozag
Hepliaklqana
Kikubaaqudgha
Makhleb
Nemelex Xobeh
Okawaru
Qazlal
Ru
Sif Muna
Trog
Uskayaw
Vehumet
Wu Jian
Xom
Yredelemnul
Zin
The Shining One

Shops:
D:5 (   D:10 !*(   Orc:1 !

Annotations:
Orc:2 Saint Roka


Innate Abilities, Weirdness & Mutations

You are robust. (+10% HP)
You are covered in fur. (AC +1)


Message History

The orc warrior is knocked back by the mystic blast.
Saint Roka calls down the wrath of Beogh upon you.
Beogh smites you!
The kobold blastminer shoots an arrow.
The arrow completely misses you.
You climb upwards.
There is a stone staircase leading down here.
You start resting.
Magic restored.
You start resting.
HP restored.
You climb downwards.
Level annotation: Saint Roka Saint Roka says, "Down here, you're an orc or you're nobody."
Saint Roka roars a battlecry!
The orc warriors go into a battle-frenzy!
The orc warrior hits you with a +3 morningstar!
The kobold blastminer blasts its cannon at you.
The iron shot hits you!!
The orc warrior hits you with a +0 broad axe!
The orc warrior hits you with a +3 morningstar!
There is a stone staircase leading up, spattered with blood here.
Casting: Iskenderun's Mystic Blast (safe; 1% risk of failure)
Confirm with . or Enter, or press ? or * to list all spells.
You erupt in a blast of force!
The mystic blast hits the orc warrior.
The orc warrior is heavily wounded.
The orc warrior is knocked back by the mystic blast.
The mystic blast hits the orc warrior!!
The orc warrior is severely wounded.
The orc warrior is knocked back by the mystic blast.
The kobold blastminer shoots an arrow.
The arrow closely misses you.
The kobold blastminer shoots a bolt.
The bolt hits you.
Saint Roka mumbles some strange prayers to Beogh against you.
Beogh smites you!
* * * LOW HITPOINT WARNING * * *
The kobold blastminer shoots an arrow.
The arrow hits you.
* * * LOW HITPOINT WARNING * * *
Saint Roka calls down the wrath of Beogh upon you.
Beogh smites you!
You die...
Saint Roka roars, "Praise to Beogh!"

...............
...............
...............
...........o...
...........K...
.......o...K...
......)........
.....÷[@.......
...............
.......).......
....[...[......
........o.[....
............)..
......$...)....
...........$...


You could see Saint Roka, 2 kobold blastminers and 2 orc warriors.

Vanquished Creatures
  2 hydras
  Erica (D:8)
  A boulder beetle (D:10)
  A centaur warrior (D:9)
  7 two-headed ogres
  Nergalle (D:12)
  A skyshark (Lair:3)
  Pikel (D:6)
  2 orc sorcerers (Orc:2)
  An ugly thing (D:12)
  2 manticores
  15 elephants
  A merfolk siren (Lair:3)
  3 kobold blastminers (Orc:1)
  A gargoyle (D:12)
  6 cane toads
  A torpor snail (Lair:3)
  A rime drake (Lair:2)
  A kobold demonologist (D:9)
  5 komodo dragons
  A queen bee (Lair:1)
  5 trolls
  A polar bear (shapeshifter) (D:12)
  2 hornets
  Prince Ribbit (D:7)
  10 dream sheep (Lair:3)
  13 blink frogs
  A centaur simulacrum (D:12)
  2 culicivoras (Lair:3)
  13 yaks
  A vampire (D:12)
  3 shadows (D:11)
  5 wyverns
  2 wraiths
  A human (shapeshifter) (D:12)
  2 wargs
  Eustachio (D:6)
  2 basilisks (Lair:3)
  2 steam dragons
  3 acid dragons
  13 water moccasins
  A sky beast (D:7)
  A crocodile (D:7)
  10 orc warriors
  6 ogres
  5 wolves (Lair:3)
  3 centaurs
  3 lemures (D:6)
  Blork the orc (D:5)
  4 kobold brigands
  8 bullfrogs
  A phantom (D:7)
  A gnoll sergeant (D:12)
  2 scorpions
  9 wights
  46 killer bees
  3 howler monkeys
  5 jellies
  A bombardier beetle (D:3)
  3 hounds
  7 orc priests
  Jessica (D:3)
  A gnoll bouda (D:8)
  4 sleepcaps (D:7)
  Ijyb (D:3)
  Terence (D:2)
  4 hell rats (Lair:3)
  6 iguanas
  10 orc wizards
  8 gnolls
  8 adders
  2 white imps
  A ribbon worm (D:3)
  49 orcs
  3 endoplasms
  8 giant cockroaches
  5 goblins
  9 hobgoblins
  3 quokkas
  8 ball pythons
  6 bats
  3 frilled lizards
  25 kobolds
  2 rats
426 creatures vanquished.

Vanquished Creatures (others)
  105 fulminant prisms
105 creatures vanquished.

Grand Total: 531 creatures vanquished

Notes
Turn   | Place    | Note
-------+----------+-------------------------------------------
     0 | D:1      | groovy9 the Deep Elf Conjurer began the quest for the Orb.
     0 | D:1      | Reached XP level 1. HP: 10/10 MP: 6/6
   110 | D:1      | Reached XP level 2. HP: 15/15 MP: 0/8
   538 | D:1      | Reached skill level 5 in Conjurations
  1064 | D:2      | Learned a level 2 spell: Searing Ray
  1064 | D:2      | Noticed Terence
  1077 | D:2      | Killed Terence
  1078 | D:2      | Reached skill level 4 in Spellcasting
  1078 | D:2      | Reached XP level 3. HP: 8/19 MP: 4/10
  1485 | D:2      | Reached XP level 4. HP: 24/24 MP: 7/12
  2840 | D:3      | Noticed Jessica
  2849 | D:3      | Killed Jessica
  2850 | D:3      | Reached XP level 5. HP: 28/28 MP: 10/14
  3074 | D:3      | Noticed Ijyb
  3086 | D:3      | Killed Ijyb
  3087 | D:3      | Reached skill level 5 in Spellcasting
  3348 | D:3      | Found a basalt altar of Yredelemnul.
  4192 | D:4      | Reached XP level 6. HP: 32/32 MP: 12/16
  4443 | D:4      | Reached skill level 6 in Spellcasting
  4498 | D:4      | Learned a level 4 spell: Fulminant Prism
  4503 | D:4      | Learned a level 4 spell: Iskenderun's Mystic Blast
  4830 | D:4      | Reached XP level 7. HP: 36/36 MP: 13/18
  4978 | D:4      | Found an iron altar of Okawaru.
  5020 | D:5      | Entered Level 5 of the Dungeon
  5072 | D:5      | Gained mutation: Your spells are a little harder to cast,
                  | but a little more powerful. [potion of mutation]
  5072 | D:5      | Gained mutation: You expend magic power (3 MP) to
                  | strengthen your wands. [potion of mutation]
  5073 | D:5      | Lost mutation: Your spells are a little harder to cast, but
                  | a little more powerful. [potion of mutation]
  5073 | D:5      | Lost mutation: You expend magic power (3 MP) to strengthen
                  | your wands. [potion of mutation]
  5073 | D:5      | Gained mutation: Your magical capacity is low. (-10% MP)
                  | [potion of mutation]
  5073 | D:5      | Gained mutation: Your flesh is cold resistant. (rC+)
                  | [potion of mutation]
  5074 | D:5      | Lost mutation: Your magical capacity is low. (-10% MP)
                  | [potion of mutation]
  5074 | D:5      | Lost mutation: Your flesh is cold resistant. (rC+) [potion
                  | of mutation]
  5074 | D:5      | Gained mutation: You are covered in fur. (AC +1) [potion of
                  | mutation]
  5074 | D:5      | Gained mutation: You are robust. (+10% HP) [potion of
                  | mutation]
  5105 | D:5      | Noticed Blork the orc
  5308 | D:5      | Killed Blork the orc
  5432 | D:5      | Reached skill level 7 in Spellcasting
  5517 | D:5      | Found Qolokla's Firing Range.
  5614 | D:5      | Found a broken altar of Ashenzari.
  5742 | D:5      | Found a glowing golden altar of the Shining One.
  5744 | D:5      | Found a glowing silver altar of Zin.
  5744 | D:5      | Found a white marble altar of Elyvilon.
  6099 | D:6      | Found a staircase to the Ecumenical Temple.
  6100 | D:6      | Noticed a wyvern
  6172 | Temple   | Entered the Ecumenical Temple
  6215 | Temple   | Became a worshipper of Vehumet
  6395 | D:6      | Noticed Eustachio
  6408 | D:6      | Killed Eustachio
  6409 | D:6      | Reached XP level 8. HP: 45/45 MP: 13/21
  6493 | D:6      | Reached skill level 8 in Spellcasting
  6529 | D:6      | Reached skill level 10 in Conjurations
  6822 | D:6      | Noticed Pikel
  6834 | D:6      | Killed Pikel
  6835 | D:6      | Reached skill level 9 in Spellcasting
  6956 | D:6      | Reached XP level 9. HP: 49/49 MP: 15/24
  7042 | D:6      | Found an ancient bone altar of Kikubaaqudgha.
  7092 | D:6      | Found an ornate altar of the Wu Jian Council.
  7349 | D:6      | Found a stormy altar of Qazlal.
  7350 | D:6      | Found a shadowy altar of Dithmenos.
  7649 | D:7      | Noticed Prince Ribbit
  7660 | D:7      | Killed Prince Ribbit
  7661 | D:7      | Reached skill level 10 in Spellcasting
  7871 | D:7      | Reached * piety under Vehumet
  7871 | D:7      | Offered knowledge of Shock by Vehumet.
  8162 | D:7      | Found a hide-covered altar of Uskayaw.
  8546 | D:7      | Reached skill level 11 in Spellcasting
  8708 | D:7      | Noticed a two-headed ogre
  8710 | D:7      | Noticed a two-headed ogre
  8716 | D:7      | Killed a two-headed ogre
  8717 | D:7      | Reached XP level 10. HP: 55/55 MP: 12/27
  8721 | D:7      | Killed a two-headed ogre
  8922 | D:7      | Reached skill level 12 in Spellcasting
  9419 | D:8      | Noticed Erica
  9429 | D:8      | Killed Erica
 10730 | D:8      | Found a snail-covered altar of Cheibriados.
 10849 | D:8      | Reached skill level 1 in Fighting
 10952 | D:8      | Found a shimmering blue altar of Sif Muna.
 11458 | D:9      | Found a sacrificial altar of Ru.
 11520 | D:9      | Offered knowledge of Sting by Vehumet.
 11520 | D:9      | Reached ** piety under Vehumet
 11521 | D:9      | Reached skill level 13 in Spellcasting
 11521 | D:9      | Reached XP level 11. HP: 62/62 MP: 25/30
 11933 | D:9      | Reached skill level 5 in Stealth
 12283 | D:9      | Noticed a centaur warrior
 12289 | D:9      | Killed a centaur warrior
 12290 | D:9      | Reached skill level 5 in Dodging
 12794 | D:10     | Entered Level 10 of the Dungeon
 13050 | D:10     | Found a bloodstained altar of Trog.
 13185 | D:10     | Found a staircase to the Lair.
 13200 | D:10     | Found Nivoewn's Weapon Boutique.
 13211 | D:10     | Noticed a boulder beetle
 13493 | D:11     | Offered knowledge of Dazzling Flash by Vehumet.
 13598 | D:11     | Noticed a two-headed ogre
 13617 | D:11     | Killed a two-headed ogre
 13618 | D:11     | Noticed a two-headed ogre
 13627 | D:11     | Killed a two-headed ogre
 13898 | D:11     | Noticed a two-headed ogre
 13906 | D:11     | Killed a two-headed ogre
 13907 | D:11     | Reached skill level 14 in Spellcasting
 13921 | D:11     | Noticed a two-headed ogre
 13934 | D:11     | Killed a two-headed ogre
 13934 | D:11     | Reached *** piety under Vehumet
 14706 | D:10     | Killed a boulder beetle
 14932 | D:10     | Found Leggaur's General Store.
 14940 | D:10     | Bought a +0 cloak for 67 gold pieces
 14946 | D:10     | Found Xixzaxee's Distillery.
 14963 | D:10     | Bought a potion of brilliance for 52 gold pieces
 14963 | D:10     | Bought a potion of enlightenment for 65 gold pieces
 14963 | D:10     | Bought a potion of might for 52 gold pieces
 15222 | Lair:1   | Entered Level 1 of the Lair of Beasts
 15227 | Lair:1   | Reached XP level 12. HP: 72/73 MP: 28/32
 15606 | Lair:1   | Offered knowledge of Stone Arrow by Vehumet.
 15607 | Lair:1   | Reached skill level 5 in Fighting
 15611 | Lair:1   | Learned a level 3 spell: Stone Arrow
 15930 | Lair:1   | Reached **** piety under Vehumet
 15931 | Lair:1   | Reached skill level 15 in Spellcasting
 16020 | Lair:1   | Offered knowledge of Airstrike by Vehumet.
 16852 | Lair:2   | Reached skill level 10 in Stealth
 16948 | Lair:2   | Noticed a seven-headed hydra
 16953 | Lair:2   | Killed a seven-headed hydra
 17076 | Lair:2   | Reached XP level 13. HP: 82/82 MP: 25/34
 17079 | Lair:2   | Learned a level 2 spell: Blink
 17504 | Lair:3   | Found a hole to the Spider Nest.
 17611 | Lair:3   | Reached skill level 16 in Spellcasting
 17646 | Lair:3   | Reached skill level 10 in Dodging
 17647 | Lair:3   | Reached skill level 15 in Conjurations
 17849 | Lair:3   | Reached ***** piety under Vehumet
 17857 | Lair:3   | Offered knowledge of Eringya's Noxious Bog by Vehumet.
 18325 | Lair:3   | Found a staircase to the Shoals.
 18925 | D:12     | Noticed Nergalle
 18933 | D:12     | Killed Nergalle
 19107 | D:12     | Identified the +9 sling of Valour {drain, Will+ Str+3}
 19495 | D:12     | Found a staircase to the Orcish Mines.
 20010 | Orc:1    | Entered Level 1 of the Orcish Mines
 20060 | Orc:1    | Found Qoevuj's Distillery.
 20094 | Orc:1    | Reached skill level 17 in Spellcasting
 20129 | Orc:1    | Reached skill level 1 in Shields
 20548 | Orc:2    | Entered Level 2 of the Orcish Mines
 20564 | Orc:2    | Paralysed by an orc sorcerer for 4 turns
 20567 | Orc:2    | Noticed Saint Roka
 21401 | Orc:2    | Killed from afar by Saint Roka

Illustrated notes

Levels and vault maps discovered:
D:1:      scummos_arrival_gate, layout_loops_ring
D:2:      layout_basic, chequers_serial_rivers_micro_b,
          minmay_misc_feat_diagonals, nicolae_concentric_dashed_squares_wild,
          uniq_terence
D:3:      layout_basic, overflow_temple_1_default, kennysheep_small_spiral,
          uniq_ijyb, uniq_jessica
D:4:      layout_loops_ring, okawaru_altar_gauntlet_db
D:5:      layout_basic, dreamdust_divine_triumvirate,
          lemuel_coloured_pillars_altar, chequers_serial_rivers_room_a,
          nicolae_shop_firing_range, uniq_blork_the_orc
D:6:      layout_loops_ring, lemuel_round_altar,
          gammafunk_temple_overflow_pools, kiku_gazebo_pond_becter,
          minmay_temple_entry_grid, uniq_eustachio, uniq_pikel
D:7:      regret_index_malice_mire, layout_basic, nicolae_uskayaw_suspiria,
          minmay_misc_feat_tower, uniq_prince_ribbit1
D:8:      layout_layer_cave, cheibriados_altar_1, marbit_many_paths, uniq_erica
D:9:      layout_gridville, nicolae_ru_the_path_less_chosen,
          minmay_fractal_squares_5
D:10:     layout_basic, mainiacjoe_overflow_catwalk, lair_entry_dummy,
          serial_shops, nicolae_take_the_stairs, nicolae_shop_window_shopping,
          shop
D:11:     layout_loops_corners
D:12:     layout_layer_cave, orc_0_dummy, kb_rosetta, uniq_nergalle
Temple:   hellmonk_temple_beads
Lair:1:   layout_gridlike, special_room [special_room_bee], grunt_megastairs_3,
          infiniplex_staircase_pool
Lair:2:   layout_concentric_octagons
Lair:3:   layout_small_grid, minmay_shoals_entry_lonely_mermaid,
          hellmonk_spider_entry_life_and_decay
Orc:1:    layout_caves, serial_shops, shop
Orc:2:    st_orc_pillars, layout_caves, uniq_snorg, uniq_saint_roka

Skill      XL: |  1  2  3  4  5  6  7  8  9 10 11 12 13 |
---------------+----------------------------------------+-----
Conjurations   | 5 6 7 8 9 11 13 14 15 | 15.9
Spellcasting   | 4 5 6 7 9 11 13 14 15 17 | 17.2
Fighting       | 1 4 6 8 |  8.1
Dodging        | 3 7 9 10 | 10.0
Stealth        | 4 7 10 | 10.0
Shields        | 1 |  1.7

Action                     |  1- 3 |  4- 6 |  7- 9 | 10-12 | 13-15 || total
---------------------------+-------+-------+-------+-------+-------++-------
  Melee: Unarmed           |     1 |       |       |       |       ||     1
         Punch             |     1 |       |       |       |       ||     1
         Dagger            |     7 |       |       |       |       ||     7
         Short sword       |       |       |       |    25 |     2 ||    27
   Cast: Magic Dart        |    59 |    59 |    62 |    68 |    30 ||   278
         Searing Ray       |     4 |    24 |    51 |    70 |     2 ||   151
         Iskenderun's Myst |       |       |    18 |   111 |    45 ||   174
         Fulminant Prism   |       |       |    12 |    66 |    28 ||   106
         Stone Arrow       |       |       |       |    41 |   115 ||   156
    Use: Potion            |     1 |       |     4 |     5 |     2 ||    12
         Scroll            |       |     4 |     6 |     5 |     9 ||    24
 Armour: Robe              |    11 |     6 |    27 |       |    25 ||    69
         Skin              |       |       |     1 |   144 |     7 ||   152
  Dodge: Dodged            |    19 |     6 |    21 |    61 |    26 ||   133
  Block: Buckler           |       |       |       |       |     6 ||     6
